 Dungeon Crawl Stone Soup version 0.18-a0-1197-g8004e50 (webtiles) character file.

57 mrath the Magician (level 3, -1/16 HPs)
             Began as a Spriggan Wizard on Jan 31, 2016.
             Killed by divine providence
             ... invoked by an orc priest
              (12 damage)
             ... on level 3 of the Dungeon.
             The game lasted 00:18:03 (2608 turns).

mrath the Magician (Spriggan Wizard)                Turns: 2608, Time: 00:18:03

Health: -1/16      AC:  2    Str:  3    XL:     3   Next: 73%
Magic:  9/9        EV: 18    Int: 20    God:
Gold:   36         SH:  0    Dex: 14    Spells: 5 memorised, 0 levels left

rFire  . . .     SeeInvis +     f - +0 mace
rCold  . . .     Gourm    .     a - +0 robe
rNeg   . . .     Faith    .     (shield restricted)
rPois  .         Spirit   .     b - +0 hat
rElec  .         Dismiss  .     (no cloak)
rCorr  .         Reflect  .     (gloves unavailable)
SustAt .         Harm     .     (boots unavailable)
MR     .....                    (no amulet)
Stlth  ++........               (no ring)
                                (no ring)

@: very quick, not resistant to hostile enchantments, unstealthy
A: unfitting armour, see invisible, herbivore 3, speed 3, slow metabolism 2
a: no special abilities


You were on level 3 of the Dungeon.
You were not hungry.

You visited 1 branch of the dungeon, and saw 4 of its levels.

You collected 36 gold pieces.

Inventory:

Hand Weapons
 f - a +0 mace (weapon)
 g - a +0 whip
 h - a +0 short sword
Missiles
 e - 18 stones (quivered)
 m - 14 poisoned needles
Armour
 a - a +0 robe (worn)
 b - a +0 hat (worn)
Jewellery
 n - a cursed -2 ring of intelligence {unknown}
Scrolls
 k - a scroll of amnesia {unknown}
 l - a scroll of identify {unknown}
 p - a scroll of enchant armour {unknown}
Potions
 i - 3 potions of heal wounds {unknown}
 j - a potion of cure mutation {unknown}
 o - a potion of curing {unknown}
Books
 c - a book of Minor Magic

   Spells                             Type                      Level
   a - Magic Dart                     Conjuration                  1
   b - Blink                          Translocation                2
   c - Call Imp                       Summoning                    2
   d - Repel Missiles                 Charms/Air                   2
   e - Slow                           Hexes                        2
   f - Conjure Flame                  Conjuration/Fire             3
   g - Mephitic Cloud                 Conjuration/Poison/Air       3
Comestibles
 d - a bread ration


   Skills:
 - Level 3.0 Dodging
 - Level 3.0 Stealth
 + Level 4.4 Spellcasting
 + Level 2.0 Conjurations
 + Level 1.2 Summonings
 + Level 2.0 Translocations


You couldn't memorise any spells.
You knew the following spells:

 Your Spells              Type           Power        Failure   Level  Hunger
a - Magic Dart            Conj           ##..         6%          1    None
b - Blink                 Tloc           N/A          10%         2    #......
c - Call Imp              Summ           #.......     14%         2    #......
d - Repel Missiles        Chrm/Air       #.....       21%         2    #......
e - Mephitic Cloud        Conj/Pois/Air  #.......     30%         3    ###....


Dungeon Overview and Level Annotations

Branches:
Dungeon (4/15)
 Temple: D:4-7

Altars:
The Shining One

Portals:
Sewer: D:3


Innate Abilities, Weirdness & Mutations

You are tiny and cannot use many weapons and most armour.
You have supernaturally acute eyesight.
You are a herbivore.
You cover ground extremely quickly.
You need consume almost no food.


Message History

The orc shouts! 2 orcs and 2 orc priests come into view.
The orc shouts! x2
Found three items.
Found 22 stones.
Found a stone staircase leading down.
Found 15 poisoned needles.
An orc comes into view. It is wielding a hand axe.
There is a stone staircase leading down here.
A rat comes into view. 2 ball pythons come into view.
A ball python comes into view.
Found a glowing drain.
The orc shouts!
The orc shouts!
The orc priest shouts!
The orc hits you with a hand axe.
The orc priest invokes the aid of Beogh against you.
Something smites you!
Ouch! That really hurt!
You die...

#....# ... +....# o.
. ####....######+#
...o
#...........##.##.#.?
#...........##...?..
#..............##.##
#........oo.##.#...#.
#.......>.........(..
#...@....o.....#.....
#...o..o.......##....
#.....o............##
#.............##...#
#...........#.# ....
#......(........ ....
####.#######..#. .#..
#.# .. #.#


You could see 2 orc priests and 4 orcs.

Vanquished Creatures
  A gnoll (D:1)
  2 oozes (D:1)
  A giant gecko (D:1)
  2 bats (D:1)
  A giant cockroach (D:2)
  3 goblins (D:1)
  9 hobgoblins
  4 jackals (D:1)
  A giant newt (D:1)
  5 kobolds (D:1)
  7 rats
36 creatures vanquished.

Notes
Turn   | Place    | Note
--------------------------------------------------------------
     0 | D:1      | mrath the Spriggan Wizard began the quest for the Orb.
     0 | D:1      | Reached XP level 1. HP: 9/9 MP: 6/6
   155 | D:1      | Reached skill level 1 in Conjurations
   592 | D:1      | Reached XP level 2. HP: 13/13 MP: 4/8
   988 | D:1      | Learned a level 2 spell: Blink
   991 | D:1      | Learned a level 2 spell: Call Imp
  1562 | D:1      | Reached XP level 3. HP: 16/16 MP: 0/9
  1849 | D:1      | Reached skill level 1 in Summonings
  2288 | D:2      | Found a glowing golden altar of the Shining One.
  2304 | D:2      | Learned a level 2 spell: Repel Missiles
  2308 | D:2      | Learned a level 3 spell: Mephitic Cloud
  2574 | D:2      | You fall through a shaft for 2 floors!
  2599 | D:3      | Found a glowing drain.
  2608 | D:3      | Killed from afar by an orc priest

Vault maps used:
D:1:      erik_arrival_gehennom
D:2:      johnstein_pakellas_shop, minitemple, grunt_ministairs_5,
          tso_metal_star
D:3:      elyvilon_altar_4, portal_sewer_entry_b, first_bread,
          minmay_bad_closet, minmay_misc_feat_four_crosses,
          hangedman_decor_clover_reticule, minmay_misc_feat_room
D:4:      minmay_temple_entry_poolview, serial_shops, shop, serial_undead,
          serial_undead_d, serial_undead_e, serial_undead_f, serial_undead_b,
          kennysheep_generic_room_14

Action                   || total
-------------------------++-------
Melee: Mace              ||    15
 Cast: Magic Dart        ||   101
